Canadiens vs Stars

Created - May 11, 2025 at 23:25

Goals
1 2 3 OT1 SO T
Canadiens 0 1 1 0 1 3
Stars 0 1 1 0 0 2
Shots
1 2 3 OT1 SO T
Canadiens 7 9 3 3 5 22
Stars 4 10 17 1 5 32

1st period

No Goal

Penalties :
Mikkel Boedker (Mtl) for Hooking (Minor) at 11:33

2nd period

1. Stars , Evgeny Grachev 14 (Guillaume Latendresse 17, Ben Chiarot 13) at 6:23
2. Canadiens , Nick Suzuki 7 (Steven Stamkos 57, Quinn Hughes 23) at 18:43 (PP)

Penalties :
Cam Atkinson (Dal) for Interference (Minor) at 2:36, Alex Chiasson (Dal) for Hooking (Minor) at 9:55, Mikkel Boedker (Mtl) for Holding (Minor) at 14:02, Wiley Sherman (Dal) for Tripping (Minor) at 17:53, Tobias Rieder (Dal) for Elbowing (Minor) at 19:41

3rd period

3. Stars , Adam Tambellini 6 (Alex Chiasson 29, Paul Ladue 25) at 1:21 (SH)
4. Canadiens , Alexander Kerfoot 39 (Mikkel Boedker 44, Mitch Marner 40) at 11:13

Penalties :
Zach Parise (Mtl) for High sticking (Minor) at 13:19, Henrik Borgstrom (Dal) for Hooking (Minor) at 15:54

Overtime #1

No Goal

Penalties :
No Penalty

Shootout

Canadiens, Steven Stamkos - Stopped by Michael Houser
Stars, Sidney Crosby - Shot Misses the Net
Canadiens, Jakob Silfverberg - Shot Misses the Net
Stars, Jake Guentzel - Shot Hit the Post
Canadiens, Mikkel Boedker - Shot Misses the Net
Stars, Michael Grabner - Stopped by Tyler Weiman
Canadiens, Nick Suzuki - Shot Misses the Net
Stars, Guillaume Latendresse - Shot Misses the Net
Canadiens, Mark Stone - Goal!
Stars, Alex Chiasson - Stopped by Tyler Weiman

Penalties :
No Penalty

Goalie Stats

Tyler Weiman (Mtl), 30 saves from 32 shots - (0.938), W, 25-16-2, 65:00 minutes
Michael Houser (Dal), 20 saves from 22 shots - (0.909), OTL, 6-5-4, 65:00 minutes

Players Stats for Canadiens

Player Name              G  A  P  +/- PIM S  H  SB GA TA FO     MP     PP MP  PK MP  
------------------------------------------------------------------------------------
Alexander Kerfoot        1  0  1   1  0   2  3  0  0  0  7/16   20:02   5:06   0:00 
Brady Tkachuk            0  0  0  -2  0   0  2  1  0  1  1/1    12:40   3:40   1:44 
Brenden Dillon           0  0  0   0  0   0  0  1  0  1  0/0    17:24   0:00   2:35 
Craig Smith              0  0  0  -1  0   1  0  0  0  0  3/5    10:45   0:00   3:03 
Darnell Nurse            0  0  0  -1  0   3  2  1  0  1  0/0    22:20   0:38   3:22 
Filip Hronek             0  0  0   0  0   0  0  1  0  0  0/0    17:24   0:00   2:35 
Jakob Silfverberg        0  0  0   0  0   2  1  1  0  0  1/1    12:42   0:03   0:52 
Mark Stone               0  0  0  -1  0   0  0  0  0  0  1/1     6:48   0:00   0:00 
Matthew Tkachuk          0  0  0   0  0   0  2  2  0  1  0/1    19:12   5:03   0:00 
Mikkel Boedker           0  1  1   0  4   3  8  2  0  1  0/2    20:33   2:35   1:00 
Mitch Marner             0  1  1   0  0   0  3  0  0  0  1/3    19:37   5:06   0:00 
Neal Pionk               0  0  0   1  0   1  0  2  0  0  0/0    15:41   0:00   3:22 
Nick Suzuki              1  0  1  -1  0   3  0  1  0  0  3/10   16:16   3:40   1:22 
Patrik Laine             0  0  0   0  0   0  0  1  0  0  0/0    17:41   3:40   0:00 
Quinn Hughes             0  1  1  -1  0   3  2  2  0  0  0/0    25:10   6:11   0:00 
Shayne Gostisbehere      0  0  0   0  0   0  2  1  0  0  0/0    16:45   1:57   0:00 
Steven Stamkos           0  1  1   0  0   2  1  0  1  0  9/15   23:54   6:11   1:58 
Zach Parise              0  0  0   0  2   2  1  1  0  0  0/0    14:06   0:00   1:55 

Players Stats for Stars

Player Name              G  A  P  +/- PIM S  H  SB GA TA FO     MP     PP MP  PK MP  
------------------------------------------------------------------------------------
Adam Tambellini          1  0  1   1  0   7  0  0  0  0  0/1    10:00   0:21   1:21 
Alex Chiasson            0  1  1   2  2   1  3  1  0  0  0/1    18:49   2:23   0:53 
Andrej Sustr             0  0  0   1  0   1  2  1  0  0  0/0    29:24   3:36   6:09 
Ben Chiarot              0  1  1   0  0   1  2  0  0  0  0/0    21:50   2:18   2:37 
Cam Atkinson             0  0  0  -1  2   1  1  1  0  0  0/0    10:18   0:21   0:00 
Christopher Tanev        0  0  0   0  0   1  0  0  0  0  0/0    11:56   0:03   0:00 
Evgeny Grachev           1  0  1   1  0   1  1  1  1  0  4/5    19:27   2:23   2:10 
Evgeny Kuznetsov         0  0  0  -1  0   1  0  2  0  0  1/5    10:07   0:00   0:13 
Guillaume Latendresse    0  1  1   1  0   2  1  0  0  0  1/1    19:00   2:23   1:55 
Henrik Borgstrom         0  0  0   0  2   2  0  0  0  0  1/3     8:17   0:00   0:00 
Ilya Mikheyev            0  0  0   0  0   1  0  1  0  0  1/1     8:11   0:00   0:00 
Jake Guentzel            0  0  0   0  0   4  1  1  1  0  0/1    23:29   3:13   5:30 
Michael Grabner          0  0  0   0  0   2  1  0  1  0  0/1    17:08   3:13   0:00 
Paul Ladue               0  1  1   1  0   4  2  0  0  0  0/0    28:21   3:36   6:09 
Sidney Crosby            0  0  0   0  0   2  1  0  0  0  21/36  23:39   3:13   5:30 
Tobias Rieder            0  0  0  -1  2   0  1  0  0  0  0/0    12:45   0:21   0:00 
Tyler Wotherspoon        0  0  0   0  0   0  0  0  1  1  0/0    21:33   2:18   2:37 
Wiley Sherman            0  0  0   0  2   1  0  0  1  0  0/0    11:55   0:03   0:00 

3 Stars

1 - Alexander Kerfoot (Mtl)
2 - Evgeny Grachev (Dal)
3 - Tyler Weiman (Mtl)

Power Play

Canadiens - 1 on 5 Attempt(s) - 20.00%
Stars - 0 on 3 Attempt(s) - 0.00%

Penalty Kill

Canadiens - 3 on 3 Attempt(s) - 100.00% - Score 0 goal in Penalty Kill
Stars - 4 on 5 Attempt(s) - 80.00% - Score 1 goal in Penalty Kill

Team Stat

Canadiens - Hits : 27 - Faceoff Wins : 26 - Blocked Shots : 17 - Penalty Minutes : 6
Stars - Hits : 16 - Faceoff Wins : 29 - Blocked Shots : 8 - Penalty Minutes : 10

Official

Referees : Brad Meier and Conor O'Donnell
Linesman : David Brisebois and Derek Nansen

Game Notes

No Game Note

Finance

Level 1 -- Attendance: 6000 (100.00%) -- Ticket Income $600,000
Level 2 -- Attendance: 5000 (100.00%) -- Ticket Income $350,000
Level 3 -- Attendance: 1831 (91.55%) -- Ticket Income $73,240
Level 4 -- Attendance: 4000 (100.00%) -- Ticket Income $120,000
Luxury Box -- Attendance: 1000 (100.00%) -- Ticket Income $200,000
Game was played at the American Airlines Center.
Total Attendance: 17831 (99.06%)
Total Ticket Income: $1,343,240
Other Income: $201,486
Total Income: $1,544,726

Canadiens

5 vs 5 Forward 
   Center                   Left Wing                Right Wing               Time % Phy DF OF 
 1 Alexander Kerfoot        Mikkel Boedker           Patrik Laine             35     1   2  2  
 2 Steven Stamkos           Matthew Tkachuk          Mitch Marner             35     1   2  2  
 3 Nick Suzuki              Zach Parise              Jakob Silfverberg        20     0   2  3  
 4 Craig Smith              Brady Tkachuk            Mark Stone               10     1   2  2  

5 vs 5 Defense 
   Defense                  Defense                                           Time % Phy DF OF 
 1 Darnell Nurse            Quinn Hughes                                      40     1   2  2  
 2 Neal Pionk               Shayne Gostisbehere                               30     1   2  2  
 3 Brenden Dillon           Filip Hronek                                      30     1   2  2  
 4 Darnell Nurse            Shayne Gostisbehere                               0      1   2  2  

PowerPlay Forward 
   Center                   Left Wing                Right Wing               Time % Phy DF OF 
 1 Alexander Kerfoot        Matthew Tkachuk          Mitch Marner             60     0   2  3  
 2 Nick Suzuki              Brady Tkachuk            Patrik Laine             40     0   2  3  

PowerPlay Defense
   Defense                  Defense                                           Time % Phy DF OF 
 1 Steven Stamkos           Quinn Hughes                                      60     1   2  2  
 2 Mikkel Boedker           Shayne Gostisbehere                               40     1   2  2  

Penalty Kill 4 Players Forward 
   Center                   Wing                     Time % Phy DF OF 
 1 Craig Smith              Zach Parise              60     1   2  2  
 2 Steven Stamkos           Jakob Silfverberg        40     1   2  2  

Penalty Kill 4 Players Defense
   Defense                  Defense                  Time % Phy DF OF 
 1 Darnell Nurse            Neal Pionk               60     1   2  2  
 2 Filip Hronek             Brenden Dillon           40     1   2  2  

Penalty Kill - 3 Players Forward 
   Forward                                           Time % Phy DF OF 
 1 Steven Stamkos                                    60     1   2  2  
 2 Craig Smith                                       40     1   2  2  

Penalty Kill - 3 Players Defense
   Defense                  Defense                  Time % Phy DF OF 
 1 Darnell Nurse            Neal Pionk               60     1   2  2  
 2 Brenden Dillon           Filip Hronek             40     1   2  2  

4 vs 4 Forward 
   Center                   Wing                     Time % Phy DF OF 
 1 Alexander Kerfoot        Steven Stamkos           60     1   2  2  
 2 Mitch Marner             Mikkel Boedker           40     1   2  2  

4 vs 4 Defense
   Defense                  Defense                  Time % Phy DF OF 
 1 Darnell Nurse            Quinn Hughes             60     1   2  2  
 2 Shayne Gostisbehere      Filip Hronek             40     1   2  2  

Last Minutes Offensive
   Center                   Left Wing                Right Wing               Defense                  Defense                  
   Alexander Kerfoot        Steven Stamkos           Mitch Marner             Quinn Hughes             Shayne Gostisbehere      

Last Minutes Defensive
   Center                   Left Wing                Right Wing               Defense                  Defense                  
   Craig Smith              Matthew Tkachuk          Jakob Silfverberg        Darnell Nurse            Neal Pionk               

Goaltenders
Starting : Tyler Weiman             
Backup : Laurent Brossoit         

Extra Forwards
Normal : Mikkel Boedker, Steven Stamkos, Zach Parise - PP : Jakob Silfverberg, Mark Stone - PK : Steven Stamkos
Extra Defensemen
Normal : Quinn Hughes, Shayne Gostisbehere, Neal Pionk - PP : Neal Pionk - PK : Shayne Gostisbehere, Quinn Hughes
Penalty Shots
Steven Stamkos, Jakob Silfverberg, Mikkel Boedker, Nick Suzuki, Mark Stone
Custom OT Lines Forwards
Steven Stamkos, Mikkel Boedker, Alexander Kerfoot, Mitch Marner, Jakob Silfverberg, Matthew Tkachuk, Zach Parise, Craig Smith, Mark Stone, Nick Suzuki
Custom OT Lines Defensemen
Darnell Nurse, Shayne Gostisbehere, Quinn Hughes, Filip Hronek, Neal Pionk

Scratches
Drew Fata (Healthy), Gabriel Bourque (Healthy), Pierre-Edouard Bellemare (Healthy)

Stars

5 vs 5 Forward 
   Center                   Left Wing                Right Wing               Time % Phy DF OF 
 1 Sidney Crosby            Jake Guentzel            Michael Grabner          40     1   2  2  
 2 Evgeny Grachev           Guillaume Latendresse    Alex Chiasson            30     1   2  2  
 3 Evgeny Kuznetsov         Tobias Rieder            Cam Atkinson             20     1   2  2  
 4 Henrik Borgstrom         Adam Tambellini          Ilya Mikheyev            10     1   2  2  

5 vs 5 Defense 
   Defense                  Defense                                           Time % Phy DF OF 
 1 Andrej Sustr             Paul Ladue                                        40     1   2  2  
 2 Ben Chiarot              Tyler Wotherspoon                                 30     1   2  2  
 3 Christopher Tanev        Wiley Sherman                                     20     1   2  2  
 4 Andrej Sustr             Paul Ladue                                        10     1   2  2  

PowerPlay Forward 
   Center                   Left Wing                Right Wing               Time % Phy DF OF 
 1 Sidney Crosby            Jake Guentzel            Michael Grabner          60     0   2  3  
 2 Evgeny Grachev           Guillaume Latendresse    Alex Chiasson            40     0   2  3  

PowerPlay Defense
   Defense                  Defense                                           Time % Phy DF OF 
 1 Andrej Sustr             Paul Ladue                                        60     1   2  2  
 2 Ben Chiarot              Tyler Wotherspoon                                 40     1   2  2  

Penalty Kill 4 Players Forward 
   Center                   Wing                     Time % Phy DF OF 
 1 Sidney Crosby            Jake Guentzel            60     1   2  2  
 2 Evgeny Grachev           Guillaume Latendresse    40     1   2  2  

Penalty Kill 4 Players Defense
   Defense                  Defense                  Time % Phy DF OF 
 1 Andrej Sustr             Paul Ladue               60     0   3  2  
 2 Ben Chiarot              Tyler Wotherspoon        40     0   3  2  

Penalty Kill - 3 Players Forward 
   Forward                                           Time % Phy DF OF 
 1 Sidney Crosby                                     60     1   2  2  
 2 Evgeny Grachev                                    40     1   2  2  

Penalty Kill - 3 Players Defense
   Defense                  Defense                  Time % Phy DF OF 
 1 Andrej Sustr             Paul Ladue               60     0   3  2  
 2 Ben Chiarot              Tyler Wotherspoon        40     0   3  2  

4 vs 4 Forward 
   Center                   Wing                     Time % Phy DF OF 
 1 Sidney Crosby            Jake Guentzel            60     0   2  3  
 2 Evgeny Grachev           Guillaume Latendresse    40     0   2  3  

4 vs 4 Defense
   Defense                  Defense                  Time % Phy DF OF 
 1 Andrej Sustr             Paul Ladue               60     1   2  2  
 2 Ben Chiarot              Tyler Wotherspoon        40     1   2  2  

Last Minutes Offensive
   Center                   Left Wing                Right Wing               Defense                  Defense                  
   Sidney Crosby            Jake Guentzel            Michael Grabner          Andrej Sustr             Paul Ladue               

Last Minutes Defensive
   Center                   Left Wing                Right Wing               Defense                  Defense                  
   Sidney Crosby            Jake Guentzel            Michael Grabner          Andrej Sustr             Paul Ladue               

Goaltenders
Starting : Michael Houser           
Backup : Matt Murray              

Extra Forwards
Normal : Alex Chiasson, Tobias Rieder, Evgeny Grachev - PP : Alex Chiasson, Tobias Rieder - PK : Alex Chiasson
Extra Defensemen
Normal : Tyler Wotherspoon, Christopher Tanev, Wiley Sherman - PP : Tyler Wotherspoon - PK : Tyler Wotherspoon, Christopher Tanev
Penalty Shots
Sidney Crosby, Jake Guentzel, Michael Grabner, Guillaume Latendresse, Alex Chiasson
Custom OT Lines Forwards
Sidney Crosby, Jake Guentzel, Michael Grabner, Guillaume Latendresse, Alex Chiasson, Tobias Rieder, Evgeny Grachev, Cam Atkinson, Ilya Mikheyev, Evgeny Kuznetsov
Custom OT Lines Defensemen
Andrej Sustr, Paul Ladue, Ben Chiarot, Tyler Wotherspoon, Christopher Tanev

Scratches
Anton Cederholm (Healthy), Scott Kosmachuck (Healthy)

% Time on Ice - Canadiens

Lines # - Real PCT - Wanted PCT - Time Play
Normal Forward
1 - 31% - 35% - 14:11
2 - 31% - 35% - 13:49
3 - 23% - 20% - 10:29
4 - 15% - 10% - 6:48
Normal Defense
1 - 40% - 40% - 18:00
2 - 28% - 30% - 12:47
3 - 31% - 30% - 13:54
4 - 1% - 0% - 0:36
PP Forward
1 - 58% - 60% - 5:06
2 - 42% - 40% - 3:40
PP Defense
1 - 71% - 60% - 6:11
2 - 29% - 40% - 2:35
PK Forward
1 - 85% - 60% - 5:05
2 - 15% - 40% - 0:52
PK Defense
1 - 57% - 60% - 3:22
2 - 43% - 40% - 2:35
PK3 Forward
1 - 0% - 60%
2 - 0% - 40%
PK3 Defense
1 - 0% - 60%
2 - 0% - 40%
44 Forward
1 - 0% - 60%
2 - 0% - 40%
44 Defense
1 - 0% - 60%
2 - 0% - 40%
Last Minute Offensive  - 0:00
Last Minute Defensive  - 0:00
Total
Forward - 60:00
Defense - 60:00

% Time on Ice - Stars

Lines # - Real PCT - Wanted PCT - Time Play
Normal Forward
1 - 31% - 40% - 13:54
2 - 29% - 30% - 13:18
3 - 22% - 20% - 9:54
4 - 18% - 10% - 8:11
Normal Defense
1 - 37% - 40% - 16:57
2 - 36% - 30% - 16:15
3 - 25% - 20% - 11:08
4 - 2% - 10% - 0:57
PP Forward
1 - 60% - 60% - 3:34
2 - 40% - 40% - 2:23
PP Defense
1 - 61% - 60% - 3:39
2 - 39% - 40% - 2:18
PK Forward
1 - 78% - 60% - 6:51
2 - 22% - 40% - 1:55
PK Defense
1 - 70% - 60% - 6:09
2 - 30% - 40% - 2:37
PK3 Forward
1 - 0% - 60%
2 - 0% - 40%
PK3 Defense
1 - 0% - 60%
2 - 0% - 40%
44 Forward
1 - 0% - 60%
2 - 0% - 40%
44 Defense
1 - 0% - 60%
2 - 0% - 40%
Last Minute Offensive  - 0:00
Last Minute Defensive  - 0:00
Total
Forward - 60:00
Defense - 60:00

Play-by-Play

1st period


0:01 of 1st period - Alexander Kerfoot wins face-off versus Sidney Crosby in neutral zone.
0:53 of 1st period - Snap shot by Jakob Silfverberg.
0:53 of 1st period - Stopped by Michael Houser without a rebound.
0:54 of 1st period - Nick Suzuki wins face-off versus Henrik Borgstrom in Stars zone.
1:01 of 1st period - Slapshot by Nick Suzuki.
1:01 of 1st period - Deflect By Jakob Silfverberg.
1:01 of 1st period - Shot Blocked by Ilya Mikheyev.
1:01 of 1st period - Puck is out of play.
1:02 of 1st period - Craig Smith wins face-off versus Henrik Borgstrom in Stars zone.
1:43 of 1st period - Snap shot by Henrik Borgstrom.
1:43 of 1st period - Shot Blocked by Neal Pionk.
1:45 of 1st period - Snap shot by Ilya Mikheyev.
1:45 of 1st period - Deflect By Neal Pionk.
1:45 of 1st period - Shot Misses the Net.
1:45 of 1st period - Puck is out of play.
1:46 of 1st period - Sidney Crosby wins face-off versus Steven Stamkos in Canadiens zone.
2:03 of 1st period - Slapshot by Sidney Crosby.
2:03 of 1st period - Shot Misses the Net.
2:25 of 1st period - Matthew Tkachuk is hit by Tobias Rieder and loses puck.
3:03 of 1st period - Paul Ladue is hit by Quinn Hughes and loses puck.
3:12 of 1st period - Wiley Sherman is hit by Mikkel Boedker.
3:27 of 1st period - Icing by Nick Suzuki.
3:28 of 1st period - Jakob Silfverberg wins face-off versus Evgeny Kuznetsov in Canadiens zone.
3:52 of 1st period - Slapshot by Zach Parise.
3:52 of 1st period - Stopped by Michael Houser with a rebound.
3:54 of 1st period - Slapshot by Darnell Nurse.
3:54 of 1st period - Stopped by Michael Houser with a rebound.
3:56 of 1st period - Slapshot by Quinn Hughes.
3:56 of 1st period - Stopped by Michael Houser with a rebound.
3:58 of 1st period - Slapshot by Darnell Nurse.
3:58 of 1st period - Shot Misses the Net.
4:00 of 1st period - Snap shot by Nick Suzuki.
4:00 of 1st period - Shot Blocked by Cam Atkinson.
4:22 of 1st period - Snap shot by Jakob Silfverberg.
4:22 of 1st period - Shot Misses the Net.
4:24 of 1st period - Slapshot by Nick Suzuki.
4:24 of 1st period - Deflect By Jakob Silfverberg.
4:24 of 1st period - Shot Misses the Net.
4:24 of 1st period - Puck is out of play.
4:25 of 1st period - Alexander Kerfoot wins face-off versus Sidney Crosby in Stars zone.
4:52 of 1st period - Tyler Wotherspoon is hit by Mitch Marner and loses puck.
4:59 of 1st period - Slapshot by Steven Stamkos.
4:59 of 1st period - Stopped by Michael Houser with a rebound.
6:29 of 1st period - Snap shot by Sidney Crosby.
6:29 of 1st period - Shot Blocked by Matthew Tkachuk.
6:35 of 1st period - Matthew Tkachuk is hit by Jake Guentzel and loses puck.
6:50 of 1st period - Guillaume Latendresse is hit by Mikkel Boedker and loses puck.
7:07 of 1st period - Andrej Sustr is hit by Mikkel Boedker and loses puck.
7:20 of 1st period - Snap shot by Mikkel Boedker.
7:20 of 1st period - Stopped by Michael Houser without a rebound.
7:21 of 1st period - Sidney Crosby wins face-off versus Steven Stamkos in Stars zone.
7:21 of 1st period - Sidney Crosby is hit by Matthew Tkachuk.
8:16 of 1st period - Jake Guentzel is hit by Shayne Gostisbehere and loses puck.
8:47 of 1st period - Snap shot by Alex Chiasson.
8:47 of 1st period - Shot Misses the Net.
8:49 of 1st period - Wrist shot by Evgeny Grachev.
8:49 of 1st period - Shot Blocked by Zach Parise.
9:42 of 1st period - Icing by Mikkel Boedker.
9:43 of 1st period - Guillaume Latendresse wins face-off versus Alexander Kerfoot in Canadiens zone.
9:54 of 1st period - Wrist shot by Evgeny Grachev.
9:54 of 1st period - Shot Blocked by Brenden Dillon.
10:01 of 1st period - Icing by Filip Hronek.
10:02 of 1st period - Alexander Kerfoot wins face-off versus Evgeny Kuznetsov in Canadiens zone.
10:36 of 1st period - Wrist shot by Mikkel Boedker.
10:36 of 1st period - Shot Misses the Net.
11:04 of 1st period - Filip Hronek is hit by Alex Chiasson and loses puck.
11:20 of 1st period - Wrist shot by Alex Chiasson.
11:20 of 1st period - Shot Misses the Net.
11:24 of 1st period - Wrist shot by Evgeny Grachev.
11:24 of 1st period - Shot Misses the Net.
11:26 of 1st period - Slapshot by Ben Chiarot.
11:26 of 1st period - Deflect By Filip Hronek.
11:26 of 1st period - Stopped by Tyler Weiman with a rebound.
11:28 of 1st period - Snap shot by Guillaume Latendresse.
11:28 of 1st period - Shot Misses the Net.
11:33 of 1st period - Minor Penalty to Mikkel Boedker for Hooking.
11:34 of 1st period - Sidney Crosby wins face-off versus Craig Smith in Canadiens zone.
13:33 of 1st period - Penalty to Mikkel Boedker is over, Mikkel Boedker is back on ice.
15:25 of 1st period - Ben Chiarot is hit by Steven Stamkos and loses puck.
15:55 of 1st period - Jake Guentzel is hit by Mikkel Boedker and loses puck.
16:21 of 1st period - Darnell Nurse is hit by Evgeny Grachev and loses puck.
16:44 of 1st period - Brady Tkachuk is hit by Cam Atkinson and loses puck.
16:51 of 1st period - Brenden Dillon is hit by Andrej Sustr and loses puck.
17:14 of 1st period - Christopher Tanev is hit by Darnell Nurse and loses puck.
17:48 of 1st period - Snap shot by Adam Tambellini.
17:48 of 1st period - Stopped by Tyler Weiman with a rebound.
17:50 of 1st period - Snap shot by Adam Tambellini.
17:50 of 1st period - Stopped by Tyler Weiman with a rebound.
17:52 of 1st period - Backhand shot by Ilya Mikheyev.
17:52 of 1st period - Stopped by Tyler Weiman without a rebound.
17:53 of 1st period - Alexander Kerfoot wins face-off versus Sidney Crosby in Canadiens zone.
17:53 of 1st period - Alexander Kerfoot is hit by Ben Chiarot.
17:59 of 1st period - Snap shot by Neal Pionk.
17:59 of 1st period - Shot Hit the Post.
18:12 of 1st period - Tyler Wotherspoon is hit by Mikkel Boedker and loses puck.
18:38 of 1st period - Off-side.
18:39 of 1st period - Evgeny Kuznetsov wins face-off versus Nick Suzuki in neutral zone.
18:48 of 1st period - Snap shot by Evgeny Kuznetsov.
18:48 of 1st period - Deflect By Tobias Rieder.
18:48 of 1st period - Shot Blocked by Quinn Hughes.
18:48 of 1st period - Puck is out of play.
18:49 of 1st period - Nick Suzuki wins face-off versus Sidney Crosby in Canadiens zone.
18:54 of 1st period - Snap shot by Sidney Crosby.
18:54 of 1st period - Shot Misses the Net.
19:00 of 1st period - Snap shot by Quinn Hughes.
19:00 of 1st period - Stopped by Michael Houser without a rebound.
19:01 of 1st period - Sidney Crosby wins face-off versus Matthew Tkachuk in Stars zone.
19:16 of 1st period - Snap shot by Jake Guentzel.
19:16 of 1st period - Shot Misses the Net.
19:18 of 1st period - Snap shot by Andrej Sustr.
19:18 of 1st period - Shot Blocked by Neal Pionk.
19:28 of 1st period - Evgeny Grachev is hit by Alexander Kerfoot and loses puck.
Goals for this period are 0 for Canadiens vs 0 for Stars.
Shots for this period are 7 for Canadiens vs 4 for Stars.

2nd period


0:01 of 2nd period - Steven Stamkos wins face-off versus Sidney Crosby in neutral zone.
0:26 of 2nd period - Paul Ladue is hit by Alexander Kerfoot and loses puck.
0:35 of 2nd period - Wrist shot by Mikkel Boedker.
0:35 of 2nd period - Shot Misses the Net.
0:37 of 2nd period - Slapshot by Neal Pionk.
0:37 of 2nd period - Stopped by Michael Houser with a rebound.
0:57 of 2nd period - Snap shot by Cam Atkinson.
0:57 of 2nd period - Shot Misses the Net.
0:59 of 2nd period - Snap shot by Cam Atkinson.
0:59 of 2nd period - Shot Misses the Net.
1:01 of 2nd period - Slapshot by Evgeny Kuznetsov.
1:01 of 2nd period - Shot Blocked by Nick Suzuki.
1:29 of 2nd period - Henrik Borgstrom is hit by Mitch Marner and loses puck.
1:53 of 2nd period - Christopher Tanev is hit by Shayne Gostisbehere.
2:36 of 2nd period - Minor Penalty to Cam Atkinson for Interference.
2:37 of 2nd period - Sidney Crosby wins face-off versus Alexander Kerfoot in Stars zone.
4:36 of 2nd period - Penalty to Cam Atkinson is over, Cam Atkinson is back on ice.
4:43 of 2nd period - Wrist shot by Sidney Crosby.
4:43 of 2nd period - Deflect By Evgeny Kuznetsov.
4:43 of 2nd period - Stopped by Tyler Weiman with a rebound.
5:09 of 2nd period - Snap shot by Evgeny Grachev.
5:09 of 2nd period - Shot Blocked by Filip Hronek.
5:25 of 2nd period - Slapshot by Ilya Mikheyev.
5:25 of 2nd period - Shot Misses the Net.
5:27 of 2nd period - Wrist shot by Ilya Mikheyev.
5:27 of 2nd period - Shot Blocked by Mikkel Boedker.
5:33 of 2nd period - Slapshot by Henrik Borgstrom.
5:33 of 2nd period - Stopped by Tyler Weiman with a rebound.
5:35 of 2nd period - Snap shot by Adam Tambellini.
5:35 of 2nd period - Stopped by Tyler Weiman without a rebound.
5:36 of 2nd period - Evgeny Grachev wins face-off versus Nick Suzuki in Canadiens zone.
5:37 of 2nd period - Wrist shot by Alex Chiasson.
5:37 of 2nd period - Shot Misses the Net.
5:39 of 2nd period - Snap shot by Alex Chiasson.
5:39 of 2nd period - Stopped by Tyler Weiman without a rebound.
5:40 of 2nd period - Evgeny Grachev wins face-off versus Nick Suzuki in Canadiens zone.
6:15 of 2nd period - Snap shot by Evgeny Grachev.
6:15 of 2nd period - Shot Misses the Net.
6:17 of 2nd period - Slapshot by Ben Chiarot.
6:17 of 2nd period - Shot Blocked by Brady Tkachuk.
6:19 of 2nd period - Backhand shot by Guillaume Latendresse.
6:19 of 2nd period - Shot Blocked by Quinn Hughes.
6:23 of 2nd period - Snap shot by Evgeny Grachev.
6:23 of 2nd period - Goal by Evgeny Grachev - Canadiens : 0 - Stars : 1.
6:24 of 2nd period - Sidney Crosby wins face-off versus Steven Stamkos in neutral zone.
6:27 of 2nd period - Filip Hronek is hit by Sidney Crosby and loses puck.
6:36 of 2nd period - Snap shot by Michael Grabner.
6:36 of 2nd period - Stopped by Tyler Weiman without a rebound.
6:37 of 2nd period - Sidney Crosby wins face-off versus Steven Stamkos in Canadiens zone.
7:04 of 2nd period - Mikkel Boedker is hit by Paul Ladue.
7:10 of 2nd period - Slapshot by Mikkel Boedker.
7:10 of 2nd period - Shot Blocked by Alex Chiasson.
7:26 of 2nd period - Snap shot by Craig Smith.
7:26 of 2nd period - Stopped by Michael Houser without a rebound.
7:27 of 2nd period - Mark Stone wins face-off versus Evgeny Kuznetsov in Stars zone.
8:12 of 2nd period - Snap shot by Jake Guentzel.
8:12 of 2nd period - Stopped by Tyler Weiman with a rebound.
8:18 of 2nd period - Ben Chiarot is hit by Mikkel Boedker and loses puck.
8:23 of 2nd period - Wrist shot by Mikkel Boedker.
8:23 of 2nd period - Stopped by Michael Houser with a rebound.
8:39 of 2nd period - Filip Hronek is hit by Alex Chiasson and loses puck.
9:19 of 2nd period - Snap shot by Jake Guentzel.
9:19 of 2nd period - Shot Blocked by Shayne Gostisbehere.
9:55 of 2nd period - Minor Penalty to Alex Chiasson for Hooking.
9:56 of 2nd period - Sidney Crosby wins face-off versus Alexander Kerfoot in Stars zone.
9:56 of 2nd period - Sidney Crosby is hit by Mitch Marner.
11:51 of 2nd period - Icing by Quinn Hughes.
11:52 of 2nd period - Sidney Crosby wins face-off versus Nick Suzuki in Canadiens zone.
11:55 of 2nd period - Penalty to Alex Chiasson is over, Alex Chiasson is back on ice.
12:34 of 2nd period - Icing by Ilya Mikheyev.
12:35 of 2nd period - Ilya Mikheyev wins face-off versus Mikkel Boedker in Stars zone.
12:40 of 2nd period - Slapshot by Jake Guentzel.
12:40 of 2nd period - Stopped by Tyler Weiman with a rebound.
13:06 of 2nd period - Wrist shot by Nick Suzuki.
13:06 of 2nd period - Stopped by Michael Houser without a rebound.
13:07 of 2nd period - Nick Suzuki wins face-off versus Evgeny Grachev in Stars zone.
13:08 of 2nd period - Snap shot by Jakob Silfverberg.
13:08 of 2nd period - Stopped by Michael Houser with a rebound.
13:14 of 2nd period - Backhand shot by Zach Parise.
13:14 of 2nd period - Stopped by Michael Houser with a rebound.
13:21 of 2nd period - Off-side.
13:22 of 2nd period - Steven Stamkos wins face-off versus Sidney Crosby in neutral zone.
13:36 of 2nd period - Wrist shot by Sidney Crosby.
13:36 of 2nd period - Stopped by Tyler Weiman with a rebound.
14:02 of 2nd period - Minor Penalty to Mikkel Boedker for Holding.
14:03 of 2nd period - Craig Smith wins face-off versus Sidney Crosby in Canadiens zone.
14:15 of 2nd period - Slapshot by Jake Guentzel.
14:15 of 2nd period - Shot Misses the Net.
14:41 of 2nd period - Craig Smith is hit by Andrej Sustr and loses puck.
15:54 of 2nd period - Brady Tkachuk is hit by Michael Grabner and loses puck.
16:02 of 2nd period - Penalty to Mikkel Boedker is over, Mikkel Boedker is back on ice.
16:21 of 2nd period - Snap shot by Mikkel Boedker.
16:21 of 2nd period - Shot Blocked by Evgeny Kuznetsov.
16:29 of 2nd period - Snap shot by Craig Smith.
16:29 of 2nd period - Shot Misses the Net.
16:39 of 2nd period - Slapshot by Mikkel Boedker.
16:39 of 2nd period - Deflect By Cam Atkinson.
16:39 of 2nd period - Shot Blocked by Evgeny Kuznetsov.
16:39 of 2nd period - Puck is out of play.
16:40 of 2nd period - Steven Stamkos wins face-off versus Adam Tambellini in Stars zone.
16:51 of 2nd period - Snap shot by Henrik Borgstrom.
16:51 of 2nd period - Shot Misses the Net.
16:53 of 2nd period - Wrist shot by Adam Tambellini.
16:53 of 2nd period - Deflect By Quinn Hughes.
16:53 of 2nd period - Stopped by Tyler Weiman with a rebound.
17:07 of 2nd period - Michael Grabner is hit by Mikkel Boedker and loses puck.
17:14 of 2nd period - Alexander Kerfoot is hit by Ben Chiarot and loses puck.
17:30 of 2nd period - Off-side.
17:31 of 2nd period - Evgeny Grachev wins face-off versus Nick Suzuki in neutral zone.
17:34 of 2nd period - Slapshot by Evgeny Grachev.
17:34 of 2nd period - Shot Misses the Net.
17:43 of 2nd period - Off-side.
17:44 of 2nd period - Sidney Crosby wins face-off versus Mitch Marner in neutral zone.
17:51 of 2nd period - Slapshot by Steven Stamkos.
17:51 of 2nd period - Stopped by Michael Houser with a rebound.
17:53 of 2nd period - Minor Penalty to Wiley Sherman for Tripping.
17:54 of 2nd period - Alexander Kerfoot wins face-off versus Sidney Crosby in Stars zone.
17:59 of 2nd period - Slapshot by Mitch Marner.
17:59 of 2nd period - Shot Misses the Net.
18:01 of 2nd period - Slapshot by Steven Stamkos.
18:01 of 2nd period - Shot Misses the Net.
18:03 of 2nd period - Snap shot by Mitch Marner.
18:03 of 2nd period - Shot Misses the Net.
18:05 of 2nd period - Slapshot by Quinn Hughes.
18:05 of 2nd period - Shot Misses the Net.
18:07 of 2nd period - Slapshot by Quinn Hughes.
18:07 of 2nd period - Stopped by Michael Houser without a rebound.
18:08 of 2nd period - Sidney Crosby wins face-off versus Alexander Kerfoot in Stars zone.
18:19 of 2nd period - Slapshot by Quinn Hughes.
18:19 of 2nd period - Shot Misses the Net.
18:43 of 2nd period - Snap shot by Nick Suzuki.
18:43 of 2nd period - Goal by Nick Suzuki - Canadiens : 1 - Stars : 1.
18:44 of 2nd period - Steven Stamkos wins face-off versus Sidney Crosby in neutral zone.
19:01 of 2nd period - Wrist shot by Sidney Crosby.
19:01 of 2nd period - Shot Misses the Net.
19:11 of 2nd period - Evgeny Grachev is hit by Alexander Kerfoot and loses puck.
19:20 of 2nd period - Mikkel Boedker is hit by Alex Chiasson.
19:41 of 2nd period - Minor Penalty to Tobias Rieder for Elbowing.
19:42 of 2nd period - Sidney Crosby wins face-off versus Alexander Kerfoot in Stars zone.
Goals for this period are 1 for Canadiens vs 1 for Stars.
Shots for this period are 9 for Canadiens vs 10 for Stars.

3rd period


0:01 of 3rd period - Sidney Crosby wins face-off versus Alexander Kerfoot in neutral zone.
1:13 of 3rd period - Wrist shot by Alex Chiasson.
1:13 of 3rd period - Shot Blocked by Patrik Laine.
1:15 of 3rd period - Slapshot by Paul Ladue.
1:15 of 3rd period - Stopped by Tyler Weiman with a rebound.
1:17 of 3rd period - Wrist shot by Alex Chiasson.
1:17 of 3rd period - Shot Misses the Net.
1:19 of 3rd period - Snap shot by Adam Tambellini.
1:19 of 3rd period - Stopped by Tyler Weiman with a rebound.
1:21 of 3rd period - Snap shot by Adam Tambellini.
1:21 of 3rd period - Goal by Adam Tambellini - Canadiens : 1 - Stars : 2.
1:22 of 3rd period - Sidney Crosby wins face-off versus Alexander Kerfoot in neutral zone.
1:27 of 3rd period - Slapshot by Sidney Crosby.
1:27 of 3rd period - Stopped by Tyler Weiman with a rebound.
1:39 of 3rd period - Slapshot by Jake Guentzel.
1:39 of 3rd period - Stopped by Tyler Weiman without a rebound.
1:40 of 3rd period - Sidney Crosby wins face-off versus Nick Suzuki in Canadiens zone.
1:41 of 3rd period - Penalty to Tobias Rieder is over, Tobias Rieder is back on ice.
2:26 of 3rd period - Icing by Tyler Wotherspoon.
2:27 of 3rd period - Evgeny Grachev wins face-off versus Nick Suzuki in Stars zone.
3:51 of 3rd period - Snap shot by Alex Chiasson.
3:51 of 3rd period - Shot Blocked by Jakob Silfverberg.
4:05 of 3rd period - Wrist shot by Jakob Silfverberg.
4:05 of 3rd period - Shot Blocked by Evgeny Grachev.
4:11 of 3rd period - Wrist shot by Nick Suzuki.
4:11 of 3rd period - Stopped by Michael Houser without a rebound.
4:12 of 3rd period - Steven Stamkos wins face-off versus Sidney Crosby in Stars zone.
5:49 of 3rd period - Snap shot by Sidney Crosby.
5:49 of 3rd period - Deflect By Mikkel Boedker.
5:49 of 3rd period - Shot Misses the Net.
5:49 of 3rd period - Puck is out of play.
5:50 of 3rd period - Steven Stamkos wins face-off versus Sidney Crosby in Canadiens zone.
7:09 of 3rd period - Wrist shot by Jake Guentzel.
7:09 of 3rd period - Stopped by Tyler Weiman with a rebound.
7:14 of 3rd period - Off-side.
7:15 of 3rd period - Sidney Crosby wins face-off versus Alexander Kerfoot in neutral zone.
7:55 of 3rd period - Snap shot by Matthew Tkachuk.
7:55 of 3rd period - Shot Misses the Net.
8:30 of 3rd period - Snap shot by Ilya Mikheyev.
8:30 of 3rd period - Deflect By Henrik Borgstrom.
8:30 of 3rd period - Stopped by Tyler Weiman without a rebound.
8:31 of 3rd period - Henrik Borgstrom wins face-off versus Craig Smith in Canadiens zone.
8:40 of 3rd period - Snap shot by Ilya Mikheyev.
8:40 of 3rd period - Shot Misses the Net.
9:13 of 3rd period - Snap shot by Henrik Borgstrom.
9:13 of 3rd period - Shot Misses the Net.
9:15 of 3rd period - Snap shot by Tyler Wotherspoon.
9:15 of 3rd period - Shot Misses the Net.
9:17 of 3rd period - Snap shot by Adam Tambellini.
9:17 of 3rd period - Shot Misses the Net.
9:19 of 3rd period - Slapshot by Andrej Sustr.
9:19 of 3rd period - Deflect By Mark Stone.
9:19 of 3rd period - Stopped by Tyler Weiman with a rebound.
9:27 of 3rd period - Wrist shot by Adam Tambellini.
9:27 of 3rd period - Shot Misses the Net.
9:29 of 3rd period - Slapshot by Paul Ladue.
9:29 of 3rd period - Stopped by Tyler Weiman with a rebound.
9:31 of 3rd period - Snap shot by Adam Tambellini.
9:31 of 3rd period - Stopped by Tyler Weiman with a rebound.
9:33 of 3rd period - Slapshot by Paul Ladue.
9:33 of 3rd period - Stopped by Tyler Weiman without a rebound.
9:34 of 3rd period - Sidney Crosby wins face-off versus Steven Stamkos in Canadiens zone.
10:13 of 3rd period - Wrist shot by Tobias Rieder.
10:13 of 3rd period - Shot Blocked by Darnell Nurse.
10:15 of 3rd period - Snap shot by Christopher Tanev.
10:15 of 3rd period - Stopped by Tyler Weiman with a rebound.
11:13 of 3rd period - Snap shot by Mikkel Boedker.
11:13 of 3rd period - Deflect By Alexander Kerfoot.
11:13 of 3rd period - Goal by Alexander Kerfoot - Canadiens : 2 - Stars : 2.
11:14 of 3rd period - Steven Stamkos wins face-off versus Michael Grabner in neutral zone.
11:34 of 3rd period - Jake Guentzel is hit by Matthew Tkachuk and loses puck.
11:54 of 3rd period - Wrist shot by Guillaume Latendresse.
11:54 of 3rd period - Stopped by Tyler Weiman with a rebound.
11:56 of 3rd period - Wrist shot by Paul Ladue.
11:56 of 3rd period - Deflect By Mikkel Boedker.
11:56 of 3rd period - Stopped by Tyler Weiman with a rebound.
11:58 of 3rd period - Snap shot by Guillaume Latendresse.
11:58 of 3rd period - Stopped by Tyler Weiman with a rebound.
12:08 of 3rd period - Ben Chiarot is hit by Darnell Nurse and loses puck.
12:18 of 3rd period - Off-side.
12:19 of 3rd period - Sidney Crosby wins face-off versus Mikkel Boedker in neutral zone.
13:02 of 3rd period - Wrist shot by Alex Chiasson.
13:02 of 3rd period - Shot Blocked by Matthew Tkachuk.
13:19 of 3rd period - Minor Penalty to Zach Parise for High sticking.
13:20 of 3rd period - Craig Smith wins face-off versus Sidney Crosby in Canadiens zone.
13:24 of 3rd period - Slapshot by Neal Pionk.
13:24 of 3rd period - Shot Blocked by Jake Guentzel.
14:39 of 3rd period - Tyler Wotherspoon is hit by Brady Tkachuk.
15:19 of 3rd period - Penalty to Zach Parise is over, Zach Parise is back on ice.
15:27 of 3rd period - Ben Chiarot is hit by Quinn Hughes and loses puck.
15:54 of 3rd period - Minor Penalty to Henrik Borgstrom for Hooking.
15:55 of 3rd period - Sidney Crosby wins face-off versus Mitch Marner in Stars zone.
16:03 of 3rd period - Off-side.
16:04 of 3rd period - Mitch Marner wins face-off versus Jake Guentzel in neutral zone.
16:25 of 3rd period - Slapshot by Alexander Kerfoot.
16:25 of 3rd period - Stopped by Michael Houser without a rebound.
16:26 of 3rd period - Brady Tkachuk wins face-off versus Sidney Crosby in Stars zone.
16:39 of 3rd period - Slapshot by Quinn Hughes.
16:39 of 3rd period - Deflect By Nick Suzuki.
16:39 of 3rd period - Deflect By Jake Guentzel.
16:39 of 3rd period - Shot Misses the Net.
16:39 of 3rd period - Puck is out of play.
16:40 of 3rd period - Sidney Crosby wins face-off versus Alexander Kerfoot in Stars zone.
17:09 of 3rd period - Andrej Sustr is hit by Brady Tkachuk and loses puck.
17:54 of 3rd period - Penalty to Henrik Borgstrom is over, Henrik Borgstrom is back on ice.
18:12 of 3rd period - Wrist shot by Cam Atkinson.
18:12 of 3rd period - Stopped by Tyler Weiman without a rebound.
18:13 of 3rd period - Alexander Kerfoot wins face-off versus Evgeny Kuznetsov in Canadiens zone.
18:27 of 3rd period - Slapshot by Wiley Sherman.
18:27 of 3rd period - Shot Misses the Net.
19:16 of 3rd period - Slapshot by Wiley Sherman.
19:16 of 3rd period - Stopped by Tyler Weiman without a rebound.
19:17 of 3rd period - Alexander Kerfoot wins face-off versus Alex Chiasson in Canadiens zone.
19:26 of 3rd period - Alexander Kerfoot is hit by Paul Ladue and loses puck.
Goals for this period are 1 for Canadiens vs 1 for Stars.
Shots for this period are 3 for Canadiens vs 17 for Stars.

Overtime #1


0:01 of 1st overtime period - Steven Stamkos wins face-off versus Sidney Crosby in neutral zone.
0:04 of 1st overtime period - Slapshot by Darnell Nurse.
0:04 of 1st overtime period - Stopped by Michael Houser without a rebound.
0:05 of 1st overtime period - Steven Stamkos wins face-off versus Sidney Crosby in Stars zone.
0:10 of 1st overtime period - Snap shot by Mikkel Boedker.
0:10 of 1st overtime period - Shot Misses the Net.
0:12 of 1st overtime period - Slapshot by Darnell Nurse.
0:12 of 1st overtime period - Stopped by Michael Houser with a rebound.
0:14 of 1st overtime period - Snap shot by Mikkel Boedker.
0:14 of 1st overtime period - Stopped by Michael Houser without a rebound.
0:15 of 1st overtime period - Sidney Crosby wins face-off versus Steven Stamkos in Stars zone.
0:20 of 1st overtime period - Snap shot by Jake Guentzel.
0:20 of 1st overtime period - Shot Blocked by Mikkel Boedker.
0:50 of 1st overtime period - Wrist shot by Michael Grabner.
0:50 of 1st overtime period - Stopped by Tyler Weiman with a rebound.
1:48 of 1st overtime period - Paul Ladue is hit by Jakob Silfverberg and loses puck.
2:20 of 1st overtime period - Snap shot by Jakob Silfverberg.
2:20 of 1st overtime period - Shot Blocked by Andrej Sustr.
2:52 of 1st overtime period - Ben Chiarot is hit by Zach Parise and loses puck.
3:05 of 1st overtime period - Slapshot by Ben Chiarot.
3:05 of 1st overtime period - Shot Misses the Net.
4:20 of 1st overtime period - Shayne Gostisbehere is hit by Guillaume Latendresse and loses puck.
4:53 of 1st overtime period - Tobias Rieder is hit by Mikkel Boedker and loses puck.
Goals for this period are 0 for Canadiens vs 0 for Stars.
Shots for this period are 3 for Canadiens vs 1 for Stars.

ShootOut


5:00 of 1st overtime period - Round #1.
5:00 of 1st overtime period - Canadiens, Steven Stamkos.
5:00 of 1st overtime period - Snap shot by Steven Stamkos.
5:00 of 1st overtime period - Stopped by Michael Houser.
5:00 of 1st overtime period - Stars, Sidney Crosby.
5:00 of 1st overtime period - Snap shot by Sidney Crosby.
5:00 of 1st overtime period - Shot Misses the Net.
5:00 of 1st overtime period - Round #2.
5:00 of 1st overtime period - Canadiens, Jakob Silfverberg.
5:00 of 1st overtime period - Wrist shot by Jakob Silfverberg.
5:00 of 1st overtime period - Shot Misses the Net.
5:00 of 1st overtime period - Stars, Jake Guentzel.
5:00 of 1st overtime period - Deke by Jake Guentzel.
5:00 of 1st overtime period - Shot Hit the Post.
5:00 of 1st overtime period - Round #3.
5:00 of 1st overtime period - Canadiens, Mikkel Boedker.
5:00 of 1st overtime period - Deke by Mikkel Boedker.
5:00 of 1st overtime period - Shot Misses the Net.
5:00 of 1st overtime period - Stars, Michael Grabner.
5:00 of 1st overtime period - Backhand shot by Michael Grabner.
5:00 of 1st overtime period - Stopped by Tyler Weiman.
5:00 of 1st overtime period - Round #4.
5:00 of 1st overtime period - Canadiens, Nick Suzuki.
5:00 of 1st overtime period - Backhand shot by Nick Suzuki.
5:00 of 1st overtime period - Shot Misses the Net.
5:00 of 1st overtime period - Stars, Guillaume Latendresse.
5:00 of 1st overtime period - Snap shot by Guillaume Latendresse.
5:00 of 1st overtime period - Shot Misses the Net.
5:00 of 1st overtime period - Round #5.
5:00 of 1st overtime period - Canadiens, Mark Stone.
5:00 of 1st overtime period - Wrist shot by Mark Stone.
5:00 of 1st overtime period - Goal by Mark Stone.
5:00 of 1st overtime period - Stars, Alex Chiasson.
5:00 of 1st overtime period - Backhand shot by Alex Chiasson.
5:00 of 1st overtime period - Stopped by Tyler Weiman.